 Dungeon Crawl Stone Soup version 0.31.0-32-g396128a36d (webtiles) character file.

Game seed: 14784078109034930010

8 Alphaeus the Ruffian (level 2, 27/27 HPs)
             Began as a Troll Shapeshifter on Mar 19, 2024.
             Quit the game on level 1 of the Dungeon.
             The game lasted 00:00:12 (155 turns).

Alphaeus the Ruffian (Troll Shapeshifter)            Turns: 155, Time: 00:00:12

Health: 27/27      AC:  4    Str: 21    XL:     2   Next: 0%
Magic:  1/1        EV:  9    Int:  6    God:
Gold:   31         SH:  0    Dex:  9    Spells: 1/1 levels left

rFire   . .          .
                       - Unarmed
rCold   . . .        (no shield)
rNeg    . . .        a - +0 animal skin
rPois   .            (helmet currently unavailable)
rElec   .            (cloak currently unavailable)
rCorr   .            (gloves unavailable)
SInv    .            (boots unavailable)
Will    .....        (no amulet)
Stlth   +            (no ring)
HPRegen 1.04/turn    (no ring)
MPRegen 0.07/turn

%: no passive effects
@: beast-form
A: beast (slay +1), large, unfitting armour, claws 3, regeneration 1, shaggy fur
1, tough skin 1
a: Begin Untransformation


You were on level 1 of the Dungeon.
You were a hulking beast.
You visited 1 branch of the dungeon, and saw 1 of its levels.

You collected 31 gold pieces.

Inventory:

Armour
 a - a +0 animal skin (worn)
Talismans
 c - a beast talisman
 d - a flux talisman
Scrolls
 e - 2 scrolls of vulnerability {unknown}
 f - 2 scrolls of identify {unknown}
 g - a scroll of immolation {unknown}
Potions
 b - a potion of lignification


   Skills:
 + Level 1.0 Fighting
 - Level 1.5 Dodging
 * Level 3.2 Unarmed Combat
 * Level 3.2 Shapeshifting


You had one spell level left.
You didn't know any spells.
Your spell library was empty.

Dungeon Overview and Level Annotations

Branches:
Dungeon (1/15)

Altars:


Innate Abilities, Weirdness & Mutations

You are a hulking beast.
Your limbs bulge with bestial killing power. (Slay +1)
You are too large for most types of armour.
You have claws for hands.
Your natural rate of healing is unusually fast.
You are covered in fur. (AC +1)
You have tough skin. (AC +1)


Message History

You scratch the quokka but do no damage.
The quokka barely misses you. The quokka bites you.
A quokka is nearby!
You scratch the quokka.
The quokka is lightly wounded.
The quokka barely misses you.
A quokka is nearby!
You barely miss the quokka.
The quokka is lightly wounded.
The quokka bites you.
A quokka is nearby!
You miss the quokka.
The quokka is lightly wounded.
The quokka bites you.
A quokka is nearby!
You closely miss the quokka.
The quokka is lightly wounded.
The quokka closely misses you.
A quokka is nearby!
You claw the quokka!
You kill the quokka!
You have reached level 2!
HP restored.
You see here a quokka corpse.
You now have 31 gold pieces (gained 9).
A hobgoblin comes into view.
The hobgoblin shouts!
Unknown command.
A hobgoblin is nearby!
Unknown command.
A hobgoblin is nearby!
A giant cockroach comes into view.
Unknown command.
There are monsters nearby!
The hobgoblin hits you but does no damage.
You barely miss the hobgoblin. The hobgoblin hits you.
There are monsters nearby!
You barely miss the hobgoblin. The hobgoblin closely misses you.
Unknown command.
Are you sure you want to abandon this character and quit the game? (Confirm with "yes".)

.. .#.# ### #. ..#
#.. #. ..# .. #.
..#.. #. #.#. #.
#B. #. #g# ######.
#h# #...... #.#
#.##..# #.#
#.##.#. #.#
#.##.#. #.#
#.##.#. #.#
#.##.#. #.#
#.##.#.
#.##########.##.##
#...........†...##


You could see a giant cockroach and a hobgoblin.

Vanquished Creatures
  2 endoplasms (D:1)
  A giant cockroach (D:1)
  A goblin (D:1)
  A quokka (D:1)
  A frilled lizard (D:1)
  A kobold (D:1)
7 creatures vanquished.

Notes
Turn   | Place    | Note
-------+----------+-------------------------------------------
     0 | D:1      | Alphaeus the Troll Shapeshifter began the quest for the
                  | Orb.
     0 | D:1      | Reached XP level 1. HP: 18/18 MP: 0/0
   106 | D:1      | Reached skill level 1 in Fighting
   130 | D:1      | Reached XP level 2. HP: 25/27 MP: 1/1
   155 | D:1      | Quit the game

Illustrated notes

Levels and vault maps discovered:
D:1:      lemuel_arrival_hallway, layout_basic, minmay_3d_cube

Skill      XL: |  1 |
---------------+----+-----
Fighting       | 1 |  1.0
Dodging        | |  1.5
Unarmed Combat | |  3.2
Shapeshifting  | |  3.2

Action                     || total
---------------------------++-------
  Melee: Unarmed           ||    17
 Armour: Animal skin       ||     8
  Dodge: Dodged            ||     8
